 Dungeon Crawl Stone Soup version 0.13-a0-2474-g552a472 (webtiles) character file.

166 JogiH the Magician (level 3, -3/29 HPs)
             Began as a Djinni Wizard on July 18, 2013.
             Slain by a hobgoblin (4 damage)
             ... on Level 3 of the Dungeon.
             The game lasted 00:07:48 (2688 turns).

JogiH the Magician (Djinni Wizard)                  Turns: 2688, Time: 00:07:48

HP  -3/29        AC  3     Str  7      XL: 3   Next: 64%
MP   0/0         EV 10     Int 19      God:
Gold 113         SH  0     Dex 11      Spells:  5 memorised,  0 levels left

Res.Fire  : + + +   See Invis. : .   (no weapon)
Res.Cold  : x . .   Warding    : .   f - +0 leather armour (curse)
Life Prot.: + + +   Conserve   : .   (no shield)
Res.Poison: .       Res.Corr.  : .   b - +0 wizard hat
Res.Elec. : .       Clarity    : .   (no cloak)
Sust.Abil.: . .     Spirit.Shd : .   (no gloves)
Res.Mut.  : .       Stasis     : .   (boots unavailable)
Res.Rott. : .       Flight     : .   (no amulet)
Saprovore : . . .                    (no ring)
                                     j - ring of sustenance {unknown}

@: very slightly contaminated, not resistant to hostile enchantments, unstealthy
A: no striking features
a: no special abilities


You were on level 3 of the Dungeon.
You were not hungry.

You visited 1 branch of the dungeon, and saw 3 of its levels.

You collected 93 gold pieces.

Inventory:

Armour
 a - a +0 robe
 b - a +0 wizard hat (worn)
 f - a cursed +0 leather armour (worn)
Magical devices
 m - a wand of magic darts (12) {unknown}
Scrolls
 e - a scroll of magic mapping {unknown}
 g - 2 scrolls of recharging {unknown}
 k - a scroll of identify {unknown}
 o - a scroll of curse weapon {unknown}
 p - a scroll of amnesia {unknown}
 s - a scroll of remove curse {unknown}
 t - a scroll of teleportation {unknown}
Jewellery
 j - a ring of sustenance (left hand) {unknown}
 l - an uncursed amulet of warding {unknown}
 q - an uncursed ring of poison resistance {unknown}
Potions
 d - 3 potions of curing {unknown}
 h - 2 potions of heal wounds {unknown}
 i - a potion of paralysis {unknown}
 n - a potion of poison {unknown}
 r - a potion of might {unknown}
Books
 c - a book of Minor Magic

   Spells                             Type                      Level
   *Magic Dart                        Conjuration                  1
   *Blink                             Translocation                2
   *Call Imp                          Summoning                    2
   Repel Missiles                     Charms/Air                   2
   Slow                               Hexes                        2
   *Conjure Flame                     Conjuration/Fire             3
   *Mephitic Cloud                    Conjuration/Poison/Air       3


   Skills:
 - Level 2.0 Dodging
 - Level 1.5 Stealth
 + Level 4.6 Spellcasting
 * Level 2.4 Conjurations
 + Level 1.2 Summonings
 + Level 1.0 Translocations


You couldn't memorise any spells.
You knew the following spells:

 Your Spells              Type           Power        Failure   Level  Hunger
a - Magic Dart            Conj           ##..         6%          1    None
b - Blink                 Tloc           N/A          14%         2    #......
c - Call Imp              Summ           #.........   14%         2    #......
d - Conjure Flame         Conj/Fire      #.......     28%         3    ###....
e - Mephitic Cloud        Conj/Pois/Air  #.......     34%         3    ###....


Dungeon Overview and Level Annotations

Branches:
Dungeon (3/27)

Altars:

Annotations
D:3 smajdalf's ghost, average HEHu


Message History

Casting: Conjure Flame
Confirm with . or Enter, or press ? or * to list all spells.
Aiming: Conjure Flame
Press: ? - help, Dir - move target cursor The fire roars!
Casting: Conjure Flame
Confirm with . or Enter, or press ? or * to list all spells.
You don't have enough magic to cast that spell.
Unknown command.
A hobgoblin comes into view.
The hobgoblin shouts!
The hobgoblin moves out of view.
A rat comes into view.
The hobgoblin hits you.
* * * LOW HITPOINT WARNING * * *
Found a stone staircase leading down.
You hit the hobgoblin.
The hobgoblin is heavily wounded.
The hobgoblin hits you.
You die...

##. #§# #.
#§# #.# #.###
#...# ###.#
#.# . #
#.######....>
.
#...@g....r..
#
########.....
.


You could see a hobgoblin and a rat.

Vanquished Creatures
  A worm (D:2)
  2 giant geckos
  An orc (D:3)
  2 hobgoblins
  3 kobolds
  A quokka (D:3)
  10 bats
  4 giant newts
  6 goblins
  3 rats
33 creatures vanquished.

Vanquished Creatures (collateral kills)
  2 adders (D:2)
  An ooze (D:2)
  2 giant newts (D:2)
5 creatures vanquished.

Grand Total: 38 creatures vanquished

Notes
Turn   | Place    | Note
--------------------------------------------------------------
     0 | D:1      | JogiH, the Djinni Wizard, began the quest for the Orb.
     0 | D:1      | Reached XP level 1. HP: 14/14 MP: 0/0
   381 | D:1      | Reached XP level 2. EP: 15/22
   428 | D:1      | Learned a level 2 spell: Blink
   431 | D:1      | Learned a level 2 spell: Call Imp
   538 | D:1      | Reached skill level 4 in Spellcasting
  1428 | D:2      | Reached XP level 3. EP: 20/29
  1478 | D:2      | Learned a level 3 spell: Conjure Flame
  1972 | D:2      | Learned a level 3 spell: Mephitic Cloud
  2668 | D:3      | Noticed smajdalf's ghost (average HEHu)
  2687 | D:3      | HP: 1/29 [hobgoblin (3)]
  2688 | D:3      | Slain by a hobgoblin

Action                   || total
-------------------------++-------
Melee: Unarmed           ||     7
 Cast: Magic Dart        ||    69
       Call Imp          ||     8
       Conjure Flame     ||     3
